 Dungeon Crawl Stone Soup version 0.23-a0-558-g30802b1 (webtiles) character file.

46 Geeful the Sneak (level 3, -1/21 HPs)
             Began as an Octopode Earth Elementalist on Dec 10, 2018.
             Slain by a leopard gecko (4 damage)
             ... on level 3 of the Dungeon on Dec 12, 2018.
             The game lasted 00:05:33 (2075 turns).

Geeful the Sneak (Octopode Earth Elementalist)      Turns: 2075, Time: 00:05:33

Health: -1/21      AC:  1    Str:  7    XL:     3   Next: 66%
Magic:  6/6        EV: 13    Int: 18    God:
Gold:   63         SH:  0    Dex: 12    Spells: 5/6 levels left

rFire    . . .     SeeInvis .   d - +0 dagger (curse)
rCold    . . .     Gourm    .   (no shield)
rNeg     + . .     Faith    .   (helmet restricted)
rPois    .         Spirit   .   e - amulet of rage
rElec    .         Reflect  .   g - ring of positive energy
rCorr    .         Harm     .   (no ring)
MR       .....                  (no ring)
Stlth    +++.......             (no ring)
HPRegen  0.07/turn              (no ring)
MPRegen  0.10/turn              (no ring)
                                (no ring)
                                (no ring)

@: no status effects
A: almost no armour, stealthy swim, amphibious, 8 rings, constrict 8, camouflage
1, gelatinous body 1
a: Evoke Berserk Rage


You were on level 3 of the Dungeon.
You were not hungry.

You visited 1 branch of the dungeon, and saw 3 of its levels.

You collected 63 gold pieces.

Inventory:

Hand Weapons
 d - a cursed +0 dagger (weapon)
Missiles
 b - 113 stones (quivered)
Jewellery
 e - an amulet of rage (around mantle)
 g - a ring of positive energy (left tentacle)
Scrolls
 h - a scroll of teleportation
Potions
 a - a potion of curing
 f - a potion of brilliance {unknown}
 i - a potion of ambrosia {unknown}
 j - a potion of heal wounds
Comestibles
 c - 5 rations
 k - 2 chunks of flesh


   Skills:
 + Level 2.5 Dodging
 + Level 3.6 Stealth
 + Level 2.4 Spellcasting
   Level 1.0 Transmutations
 + Level 3.4 Earth Magic


You had 5 spell levels left.
You knew the following spells:

 Your Spells              Type           Power        Failure   Level  Hunger
a - Sandblast             Erth           ##....       4%          1    #......

Your spell library contained the following spells:

 Spells                   Type           Power        Failure   Level  Hunger
 Passwall                 Tmut/Erth      ##......     11%         2    ##.....
 Stone Arrow              Conj/Erth      #.....       26%         3    ###....
 Petrify                  Tmut/Erth      ##......     56%         4    #####..
 Lee's Rapid Deconstruct  Erth           ##........   75%         5    ######.


Dungeon Overview and Level Annotations

Branches:
Dungeon (3/15)

Altars:
Sif Muna


Innate Abilities, Weirdness & Mutations

You cannot wear most types of armour.
You are very stealthy in the water. (Stealth+)
You are amphibious.
You can wear up to eight rings at the same time.
You can use your tentacles to constrict eight enemies at once.
Your skin changes colour to match your surroundings (Stealth+).
Your rubbery body absorbs attacks. (AC +1, EV +1)


Message History

Your squeeze misses the leopard gecko. The leopard gecko closely misses you.
The leopard gecko misses you.
You barely miss the leopard gecko. Your grab misses the leopard gecko.
The leopard gecko misses you.
You hit the leopard gecko but do no damage.
Your grab misses the leopard gecko. The leopard gecko closely misses you.
You barely miss the leopard gecko. Your grab misses the leopard gecko.
The leopard gecko bites you.
You hit the leopard gecko but do no damage.
Your grab misses the leopard gecko. Your squeeze misses the leopard gecko.
The leopard gecko bites you.
You hit the leopard gecko. You grab the leopard gecko.
The leopard gecko is heavily wounded.
You constrict the leopard gecko. The leopard gecko bites you. x2
* * * LOW HITPOINT WARNING * * *
You completely miss the leopard gecko.
The leopard gecko is severely wounded.
You constrict the leopard gecko, but do no damage.
The leopard gecko bites you.
You die...

#<.......
#........
#..#.##.#
#.## #
#.# #.#
#?# #.#
#@# #l#
#.# #.#
..< ?#. .
. ## ##


You could see a leopard gecko.

Vanquished Creatures
  A worm (D:2)
  3 dart slugs (D:2)
  3 leopard geckos
  3 giant cockroaches
  4 hobgoblins
  2 jackals (D:2)
  6 kobolds
  2 bats (D:1)
  6 frilled lizards
  3 goblins
  A rat (D:2)
34 creatures vanquished.

Notes
Turn   | Place    | Note
-------+----------+-------------------------------------------
     0 | D:1      | Geeful the Octopode Earth Elementalist began the quest for
                  | the Orb.
     0 | D:1      | Reached XP level 1. HP: 11/11 MP: 3/3
   179 | D:1      | Reached XP level 2. HP: 17/17 MP: 5/5
  1073 | D:2      | Reached XP level 3. HP: 10/21 MP: 2/6
  1313 | D:2      | Found a deep blue altar of Sif Muna.
  1769 | D:2      | Upgraded the game from 0.23-a0-556-g351818a to
                  | 0.23-a0-558-g30802b1
  2075 | D:3      | Slain by a leopard gecko

Vault maps used:
D:1:      minmay_arrival_split_and_join
D:2:      nicolae_overflow_hidden_temple
D:3:      lemuel_coloured_pillars_altar, uniq_ijyb, uniq_natasha

Skill      XL: |  1 |
---------------+----+-----
Stealth        | 3 |  3.6
Dodging        | |  2.5
Spellcasting   | |  2.4
Transmutations | |  1.0
Earth Magic    | |  3.4

Action                   || total
-------------------------++-------
Melee: Dagger            ||    80
       Unarmed           ||     4
       Tentacles         ||    13
       Constrict         ||    18
 Cast: Sandblast         ||    10
  Use: Scroll            ||     4
       Potion            ||     1
 Stab: Sleeping          ||    12
       Distracted        ||     1
  Eat: Chunk             ||     4
Armor: Skin              ||     3
Dodge: Dodged            ||    67

Table legend:
 A = Non-vault XP
 B = Vault XP
 C = Vault XP percentage of total XP
 D = Non-vault monster count
 E = Vault monster count
 F = Vault count percentage of total count
                 A         B        C        D         E       F
            +---------+---------+-------+---------+---------+-------
      Total |      66 |       0 |   0.0 |      34 |       0 |   0.0
            +---------+---------+-------+---------+---------+-------
        D:1 |      21 |       0 |   0.0 |      12 |       0 |   0.0
        D:2 |      45 |       0 |   0.0 |      22 |       0 |   0.0
            +---------+---------+-------+---------+---------+-------
